 Dungeon Crawl Stone Soup version 0.32-a0-519-g08f29ac1c3 (webtiles) character file.

Game seed: 4863751695155631240

72 seren the Charlatan (level 4, -1/33 HPs)
             Began as a Coglin Artificer on Feb 27, 2024.
             Slain by Sigmund
             ... wielding a +0 heavy scythe
              (7 damage)
             ... on level 3 of the Dungeon.
             The game lasted 00:03:03 (1387 turns).

seren the Charlatan (Coglin Artificer)              Turns: 1387, Time: 00:03:03

Health: -1/33      AC:  3    Str: 12    XL:     4   Next: 26%
Magic:  4/4        EV: 11    Int: 10    God:
Gold:   86         SH:  0    Dex: 17    Spells: 3/3 levels left

rFire   . . .        m - +0 dagger {Hua}
rCold   . . .        h - +0 dagger {Elena}
rNeg    . . .        b - +0 leather armour
rPois   .            (no helmet)
rElec   .            (no cloak)
rCorr   .            (no gloves)
SInv    .            (no boots)
Will    .....        (no amulet)
Stlth   ++           (ring unavailable)
HPRegen 0.25/turn    (ring unavailable)
MPRegen 0.09/turn

%: no passive effects
@: revved
A: off-hand wielding, slow wielding, warmup strikes, no rings
a: no special abilities


You were on level 3 of the Dungeon.
You visited 1 branch of the dungeon, and saw 3 of its levels.

You collected 86 gold pieces.

Inventory:

Hand Weapons
 a - a +0 club {Zolin}
 h - a +0 dagger (offhand) {Elena}
 m - a +0 dagger (weapon) {Hua}
Armour
 b - a +0 leather armour (worn)
Wands
 c - a wand of flame (9) (quivered)
 d - a wand of charming (15)
 e - a wand of iceblast (4)
 r - a wand of warping (10)
Scrolls
 g - a scroll of fog {unknown}
 i - a scroll of enchant weapon {unknown}
 n - a scroll of noise {unknown}
 o - a scroll of fear {unknown}
 p - a scroll of vulnerability {unknown}
Potions
 f - 2 potions of curing
 j - a potion of invisibility
 k - a potion of resistance
 l - a potion of might {unknown}
 q - a potion of mutation {unknown}


   Skills:
 + Level 1.7 Fighting
 * Level 1.5 Short Blades
 + Level 2.2 Armour
 + Level 1.3 Dodging
 + Level 1.3 Stealth
 + Level 4.6 Evocations


You had 3 spell levels left.
You didn't know any spells.
Your spell library contained the following spells:

 Spells                   Type           Power      Damage    Failure   Level
 Tukima's Dance           Hex            0%         N/A       82%         3
 Dimensional Bullseye     Hex/Tloc       0%         N/A       99%         4
 Iskenderun's Mystic Bla  Conj/Tloc      0%         2d3       99%         4


Dungeon Overview and Level Annotations

Branches:
Dungeon (3/15)

Altars:

Shops:
D:1 (

Annotations:
D:2 exclusion: bombardier beetle
D:3 Sigmund


Innate Abilities, Weirdness & Mutations

You can wield a second weapon in your off-hand.
It takes a long time for you to wield or remove held weapons.
Your first few attacks do less damage.
Your grasper-arms cannot wear rings.


Message History

You hit the adder with your +0 dagger.
The adder is almost dead.
You miss the adder with your +0 dagger. Something hits you.
* * * LOW HITPOINT WARNING * * *
The adder bites you but does no damage.
You barely miss the adder with your +0 dagger.
The adder is almost dead.
You barely miss the adder with your +0 dagger.
The adder bites you.
* * * LOW HITPOINT WARNING * * *
You closely miss the adder with your +0 dagger.
The adder is almost dead.
You miss the adder with your +0 dagger. The adder bites you but does no damage.
Something hits you.
* * * LOW HITPOINT WARNING * * *
You barely miss the adder with your +0 dagger.
The adder is almost dead.
You hit the adder but do no damage. The adder bites you.
* * * LOW HITPOINT WARNING * * *
The adder closely misses you.
You hit the adder but do no damage.
The adder is almost dead.
You barely miss the adder with your +0 dagger.
The adder completely misses you. Something hits you but does no damage.
You miss the adder with your +0 dagger.
The adder is almost dead.
You miss the adder with your +0 dagger. The adder bites you.
* * * LOW HITPOINT WARNING * * *
You hit the adder with your +0 dagger.
You kill the adder!
Aiming: Throw Flame
Press: ? - help, Shift-Dir - straight line The puff of flame hits something!
Something hits you.
* * * LOW HITPOINT WARNING * * *
Aiming: Throw Flame
Press: ? - help, Shift-Dir - straight line
Aiming: Throw Flame
Press: ? - help, Shift-Dir - straight line Something hits you!
You die...

.........##...## #..#
........#.#..## #...
....##.#...# #....
..#.##....# .....#
####.#.#....# #.....#
##..##.#.....###
#......##....##........#
.......{.............#.#
.......@.......)..†..#.#
......†##....##........#
......# ##..##.#........
.....# ####.#.#....###
#.... ..#.##....# #...
...##$#...# ...
......#.#..# ... .......
##..# .... .#.#


There were no monsters in sight!

Vanquished Creatures
  Ijyb (D:3)
  2 adders
  2 dart slugs (D:1)
  3 ball pythons
  3 endoplasms
  A giant cockroach (D:1)
  2 goblins (D:1)
  3 jackals (D:2)
  A quokka (D:3)
  A bat (D:2)
  3 frilled lizards (D:2)
  4 rats
26 creatures vanquished.

Notes
Turn   | Place    | Note
-------+----------+-------------------------------------------
     0 | D:1      | seren the Coglin Artificer began the quest for the Orb.
     0 | D:1      | Reached XP level 1. HP: 15/15 MP: 1/1
   119 | D:1      | Reached skill level 1 in Dodging
   141 | D:1      | Reached XP level 2. HP: 21/21 MP: 2/2
   211 | D:1      | You fall into a shaft and drop 1 floor!
   239 | D:1      | Reached skill level 1 in Stealth
   537 | D:1      | Found Cauxuaro's Antique Weapon Boutique.
   855 | D:2      | Noticed a bombardier beetle
   930 | D:2      | Reached skill level 1 in Short Blades
   930 | D:2      | Reached XP level 3. HP: 20/26 MP: 3/3
  1143 | D:3      | Noticed Ijyb
  1242 | D:3      | Killed Ijyb
  1243 | D:3      | Reached XP level 4. HP: 10/32 MP: 4/4
  1358 | D:3      | Noticed Sigmund
  1387 | D:3      | Slain by Sigmund

Illustrated notes

Levels and vault maps discovered:
D:1:      dpeg_arrival_solitude, layout_basic, serial_shops,
          nicolae_shop_rolling_square, st_stairs_5
D:2:      layout_basic, kennysheep_generic_room_16
D:3:      layout_rooms, gammafunk_ghost_split, minmay_gold_behind_fungi,
          st_stairs_5, minmay_misc_feat_secret_circle,
          minmay_increasing_density, uniq_crazy_yiuf_cottage, uniq_ijyb,
          uniq_sigmund

Skill      XL: |  1  2 |
---------------+-------+-----
Dodging        | 1 |  1.3
Stealth        | 1 |  1.3
Armour         | 2 |  2.2
Short Blades   | 1 |  1.5
Fighting       | |  1.7
Evocations     | |  4.6

Action                     |  1- 3 |  4- 6 || total
---------------------------+-------+-------++-------
  Melee: Dagger            |    75 |    28 ||   103
         Club              |    15 |       ||    15
  Evoke: Wand              |     4 |     4 ||     8
    Use: Scroll            |     3 |       ||     3
   Stab: Sleeping          |     3 |       ||     3
 Armour: Leather armour    |    24 |    14 ||    38
  Dodge: Dodged            |    19 |     8 ||    27
         Repelled          |     2 |       ||     2

Table legend: (Time is in decaauts)
 A = Elapsed time spent in this place.
 B = Non-inter-level travel time spent in this place.
 C = Inter-level travel time spent in this place.
 D = Time resting spent in this place.
 E = Time spent auto-exploring this place.
 F = Levels seen in this place.
 G = Mean time per level.
                   A        B        C        D        E       F      G
               +--------+--------+--------+--------+--------+-----+--------+
         Total |   1386 |   1333 |     53 |    136 |    880 |   3 |  462.0 |
       Dungeon |   1386 |   1333 |     53 |    136 |    880 |   3 |  462.0 |
               +--------+--------+--------+--------+--------+-----+--------+

Top non-repeatable levels by time:
     D:1: 686 daAuts
     D:2: 501 daAuts
     D:3: 198 daAuts
